[ AOE2 MATCH · #483614893 ]
1v1 RMVietnamese vs Mongols
Rival team · LOSS
[ REPLAY ANALYSIS · EXTRACTED FROM THE RECORDED GAME ]
Feudal
9:24
Castle
28:12
Imperial
42:54
| APM avg | 58.7 |
| APM peak | 138 |
| eAPM avg | 23.4 |
| Villagers / military | 111 / 71 |
Focus
⚔️ 28.2% · 🌾 71.8%
Skirmisher ×25 · Knight ×22 · Archer ×12 · Militia ×5 · Scout Cavalry ×3 · Battering Ram ×2
Feudal
10:11
Castle
21:28
Imperial
—
| APM avg | 39.3 |
| APM peak | 109 |
| eAPM avg | 18.3 |
| Villagers / military | 60 / 61 |
Focus
⚔️ 27.5% · 🌾 72.5%
Mangudai ×31 · Skirmisher ×17 · Archer ×5 · Spearman ×3 · Steppe Lancer ×3 · Monk ×1
Match map
Initial resources + every placement click. Lines = walls · curves = elevation contours. ◆ gold · ⬟ stone · ● berries · ✦ relic · ◌ wall gap
Your base· Open — unwalled flank
Don Gordas's base· Open — unwalled flank
Smoothed initial terrain · ◌ = detected wall gap · hover for details
Inputs per minute
— 阵 - - Don Gordas
Build order — 阵
First 150 of 309 actions detected
| 0:01 | Create | Villager (Male) |
| 0:01 | Create | Villager (Male) |
| 0:01 | Create | Villager (Male) |
| 0:03 | Build | House |
| 0:04 | Build | House |
| 0:25 | Create | Villager (Male) |
| 0:25 | Create | Villager (Male) |
| 1:23 | Create | Villager (Male) |
| 1:23 | Create | Villager (Male) |
| 1:59 | Build | Lumber Camp |
| 2:08 | Create | Villager (Male) |
| 2:08 | Create | Villager (Male) |
| 2:17 | Create | Villager (Male) |
| 2:47 | Create | Villager (Male) |
| 2:47 | Create | Villager (Male) |
| 3:23 | Create | Villager (Male) |
| 3:23 | Create | Villager (Male) |
| 3:33 | Build | House |
| 3:41 | Build | House |
| 3:49 | Create | Villager (Male) |
| 3:49 | Create | Villager (Male) |
| 4:03 | Create | Villager (Male) |
| 4:04 | Create | Villager (Male) |
| 4:25 | Create | Villager (Male) |
| 4:25 | Create | Villager (Male) |
| 4:25 | Create | Villager (Male) |
| 5:08 | Create | Villager (Male) |
| 5:08 | Create | Villager (Male) |
| 5:09 | Create | Villager (Male) |
| 5:13 | Research | Loom |
| 5:55 | Build | Barracks |
| 6:16 | Build | House |
| 7:14 | Research | Feudal Age |
| 7:53 | Build | Mill |
| 8:07 | Build | House |
| 8:23 | Create | Militia |
| 8:23 | Create | Militia |
| 8:23 | Create | Militia |
| 8:23 | Create | Militia |
| 8:51 | Create | Militia |
| 9:12 | Build | Mill |
| 9:24 | Age | Feudal Age |
| 9:36 | Research | Man-at-Arms (upgrade) |
| 9:48 | Build | Farm |
| 10:03 | Create | Villager (Male) |
| 10:35 | Create | Villager (Male) |
| 10:42 | Create | Villager (Male) |
| 10:52 | Build | Mining Camp |
| 10:57 | Build | Mining Camp |
| 11:14 | Create | Villager (Male) |
| 11:23 | Create | Villager (Male) |
| 11:29 | Create | Villager (Male) |
| 11:48 | Create | Villager (Male) |
| 11:56 | Build | Archery Range |
| 12:02 | Build | House |
| 12:19 | Create | Villager (Male) |
| 12:34 | Research | Double-Bit Axe |
| 13:03 | Create | Villager (Male) |
| 13:04 | Create | Archer |
| 13:04 | Create | Archer |
| 13:23 | Build | Blacksmith |
| 13:27 | Create | Villager (Male) |
| 13:41 | Create | Villager (Male) |
| 13:55 | Create | Archer |
| 14:20 | Create | Skirmisher |
| 14:20 | Create | Skirmisher |
| 14:23 | Build | House |
| 14:24 | Build | House |
| 14:24 | Build | House |
| 14:24 | Build | House |
| 14:24 | Build | House |
| 14:38 | Research | Fletching |
| 14:39 | Research | Padded Archer Armor |
| 14:48 | Create | Archer |
| 14:48 | Create | Archer |
| 14:57 | Build | Palisade Gate |
| 14:59 | Build | House |
| 15:38 | Create | Villager (Male) |
| 16:09 | Create | Villager (Male) |
| 16:11 | Create | Villager (Male) |
| 16:11 | Create | Villager (Male) |
| 16:14 | Build | Farm |
| 16:15 | Build | Farm |
| 16:18 | Build | Lumber Camp |
| 16:48 | Create | Archer |
| 16:49 | Create | Villager (Male) |
| 17:00 | Create | Villager (Male) |
| 17:19 | Create | Villager (Male) |
| 17:24 | Build | Farm |
| 17:24 | Build | Farm |
| 17:24 | Build | Farm |
| 17:25 | Build | Farm |
| 17:25 | Build | Farm |
| 17:25 | Build | Farm |
| 17:25 | Build | Farm |
| 17:25 | Build | Farm |
| 17:26 | Build | Farm |
| 17:26 | Build | Farm |
| 17:26 | Build | Farm |
| 17:26 | Build | Farm |
| 17:27 | Build | Farm |
| 17:27 | Build | Farm |
| 17:27 | Build | Farm |
| 17:55 | Create | Villager (Male) |
| 18:17 | Build | Mining Camp |
| 18:19 | Create | Villager (Male) |
| 18:49 | Create | Villager (Male) |
| 19:06 | Create | Villager (Male) |
| 19:15 | Create | Villager (Male) |
| 19:31 | Create | Villager (Male) |
| 19:44 | Create | Archer |
| 19:44 | Create | Skirmisher |
| 19:44 | Create | Skirmisher |
| 19:44 | Create | Skirmisher |
| 20:18 | Create | Skirmisher |
| 20:18 | Create | Skirmisher |
| 20:19 | Create | Villager (Male) |
| 20:19 | Create | Villager (Male) |
| 20:29 | Build | Archery Range |
| 20:31 | Build | Farm |
| 20:33 | Build | Farm |
| 21:03 | Build | Watch Tower |
| 21:07 | Create | Skirmisher |
| 21:08 | Create | Skirmisher |
| 21:29 | Build | Watch Tower |
| 21:42 | Create | Villager (Male) |
| 21:46 | Build | Stable |
| 22:02 | Create | Villager (Male) |
| 22:13 | Build | Farm |
| 22:14 | Build | Farm |
| 22:14 | Build | Farm |
| 23:08 | Build | House |
| 23:13 | Build | House |
| 23:17 | Build | Stone Wall |
| 23:24 | Create | Villager (Male) |
| 23:35 | Build | Market |
| 24:08 | Create | Archer |
| 24:09 | Create | Archer |
| 24:10 | Create | Villager (Male) |
| 24:15 | Build | House |
| 24:18 | Build | House |
| 24:18 | Build | House |
| 24:18 | Build | House |
| 24:18 | Build | House |
| 24:21 | Build | House |
| 24:21 | Build | House |
| 24:21 | Build | House |
| 24:22 | Build | House |
| 24:22 | Build | House |
| 24:22 | Build | House |
Build order — Don Gordas
First 150 of 210 actions detected
| 0:01 | Create | Villager (Male) |
| 0:02 | Create | Villager (Male) |
| 0:03 | Build | House |
| 0:04 | Build | House |
| 0:10 | Create | Villager (Male) |
| 0:11 | Create | Villager (Male) |
| 1:27 | Create | Villager (Male) |
| 1:27 | Create | Villager (Male) |
| 1:28 | Create | Villager (Male) |
| 2:06 | Create | Villager (Male) |
| 2:06 | Create | Villager (Male) |
| 2:17 | Create | Villager (Male) |
| 2:17 | Create | Villager (Male) |
| 2:45 | Create | Villager (Male) |
| 2:45 | Create | Villager (Male) |
| 3:42 | Create | Villager (Male) |
| 3:42 | Create | Villager (Male) |
| 3:44 | Create | Villager (Male) |
| 3:52 | Research | Loom |
| 4:08 | Create | Villager (Male) |
| 4:11 | Build | House |
| 4:23 | Create | Villager (Male) |
| 4:44 | Build | Lumber Camp |
| 5:03 | Create | Villager (Male) |
| 5:47 | Create | Villager (Male) |
| 5:50 | Create | Villager (Male) |
| 6:39 | Create | Villager (Male) |
| 7:29 | Build | Mill |
| 7:36 | Create | Villager (Male) |
| 7:57 | Research | Feudal Age |
| 7:57 | Research | Feudal Age |
| 8:06 | Build | House |
| 8:13 | Build | Palisade Wall |
| 8:15 | Build | Palisade Wall |
| 8:18 | Build | Palisade Wall |
| 8:53 | Build | House |
| 9:41 | Build | Mining Camp |
| 10:11 | Age | Feudal Age |
| 10:16 | Research | Double-Bit Axe |
| 10:17 | Research | Double-Bit Axe |
| 10:26 | Build | Palisade Wall |
| 10:29 | Build | Palisade Wall |
| 10:36 | Build | Palisade Wall |
| 10:41 | Create | Villager (Male) |
| 10:41 | Create | Villager (Male) |
| 11:19 | Build | Watch Tower |
| 11:40 | Build | Farm |
| 11:45 | Build | Barracks |
| 12:33 | Build | Archery Range |
| 13:14 | Create | Archer |
| 13:14 | Create | Archer |
| 13:14 | Create | Archer |
| 13:25 | Create | Skirmisher |
| 14:33 | Create | Villager (Male) |
| 14:33 | Create | Villager (Male) |
| 14:44 | Build | Blacksmith |
| 14:53 | Build | Farm |
| 15:14 | Create | Archer |
| 15:14 | Create | Archer |
| 15:23 | Create | Spearman |
| 15:45 | Build | Farm |
| 16:03 | Build | Mining Camp |
| 16:24 | Create | Skirmisher |
| 16:52 | Create | Skirmisher |
| 16:53 | Create | Skirmisher |
| 17:12 | Build | Archery Range |
| 17:39 | Build | Farm |
| 18:06 | Create | Skirmisher |
| 18:06 | Create | Skirmisher |
| 18:25 | Create | Skirmisher |
| 18:44 | Build | Mining Camp |
| 18:48 | Research | Castle Age |
| 18:48 | Research | Castle Age |
| 18:54 | Build | Farm |
| 18:55 | Create | Skirmisher |
| 18:56 | Create | Skirmisher |
| 18:56 | Create | Skirmisher |
| 19:13 | Create | Skirmisher |
| 20:06 | Create | Skirmisher |
| 20:06 | Create | Skirmisher |
| 20:08 | Create | Skirmisher |
| 20:08 | Create | Skirmisher |
| 20:19 | Build | Farm |
| 21:27 | Research | Fletching |
| 21:27 | Research | Fletching |
| 21:28 | Age | Castle Age |
| 21:32 | Create | Villager (Male) |
| 21:32 | Create | Villager (Male) |
| 22:04 | Build | Lumber Camp |
| 22:12 | Create | Villager (Male) |
| 22:12 | Create | Villager (Male) |
| 22:44 | Create | Villager (Male) |
| 23:01 | Build | Farm |
| 23:33 | Create | Villager (Male) |
| 23:33 | Create | Villager (Male) |
| 23:55 | Build | Lumber Camp |
| 23:58 | Create | Villager (Male) |
| 23:58 | Create | Villager (Male) |
| 24:05 | Build | House |
| 24:21 | Create | Villager (Male) |
| 24:53 | Create | Villager (Male) |
| 24:53 | Create | Villager (Male) |
| 25:32 | Create | Skirmisher |
| 25:33 | Create | Skirmisher |
| 26:31 | Research | Padded Archer Armor |
| 26:32 | Research | Padded Archer Armor |
| 27:32 | Build | Castle |
| 27:37 | Create | Villager (Male) |
| 27:37 | Create | Villager (Male) |
| 27:58 | Create | Villager (Male) |
| 27:58 | Create | Villager (Male) |
| 28:29 | Create | Villager (Male) |
| 28:29 | Create | Villager (Male) |
| 28:30 | Build | Farm |
| 29:18 | Create | Spearman |
| 29:18 | Create | Spearman |
| 29:42 | Build | Farm |
| 29:43 | Create | Villager (Male) |
| 29:43 | Create | Villager (Male) |
| 30:12 | Create | Villager (Male) |
| 30:13 | Create | Villager (Male) |
| 30:15 | Create | Mangudai |
| 30:15 | Create | Mangudai |
| 30:15 | Create | Mangudai |
| 30:15 | Create | Mangudai |
| 30:16 | Create | Mangudai |
| 30:21 | Build | Farm |
| 30:48 | Build | Dock |
| 30:50 | Create | Villager (Male) |
| 30:51 | Create | Villager (Male) |
| 30:54 | Build | Farm |
| 31:33 | Build | Lumber Camp |
| 32:19 | Create | Mangudai |
| 32:19 | Create | Mangudai |
| 33:09 | Research | Bodkin Arrow |
| 33:09 | Research | Bodkin Arrow |
| 33:09 | Research | Bodkin Arrow |
| 33:17 | Build | Town Center |
| 33:23 | Create | Demolition Raft |
| 33:30 | Create | Fishing Ship |
| 33:35 | Create | Mangudai |
| 33:36 | Create | Mangudai |
| 33:36 | Create | Mangudai |
| 33:56 | Build | Farm |
| 33:59 | Build | Farm |
| 34:12 | Create | Mangudai |
| 34:12 | Create | Mangudai |
| 34:34 | Build | Farm |
| 34:37 | Build | Farm |
| 35:11 | Create | Mangudai |
Match timeline
| 5:55 | 阵 · first_building Barracks |
| 8:13 | Don Gordas · wall_segment Palisade Wall x5 |
| 8:15 | Don Gordas · wall_segment Palisade Wall x4 |
| 8:18 | Don Gordas · wall_segment Palisade Wall x3 |
| 9:24 | 阵 · age_up feudal |
| 10:11 | Don Gordas · age_up feudal |
| 10:26 | Don Gordas · wall_segment Palisade Wall x3 |
| 10:29 | Don Gordas · wall_segment Palisade Wall x2 |
| 10:36 | Don Gordas · wall_segment Palisade Wall x4 |
| 11:45 | Don Gordas · first_building Barracks |
| 11:56 | 阵 · first_building Archery Range |
| 12:33 | Don Gordas · first_building Archery Range |
| 21:28 | Don Gordas · age_up castle |
| 21:46 | 阵 · first_building Stable |
| 23:17 | 阵 · wall_segment Stone Wall x1 |
| 24:59 | 阵 · first_market_sell 100 wood |
| 25:10 | 阵 · first_market_buy 100 food |
| 27:32 | Don Gordas · first_building Castle |
| 28:12 | 阵 · age_up castle |
| 30:48 | Don Gordas · first_building Dock |
| 34:09 | 阵 · first_building Castle |
| 38:53 | 阵 · first_building Siege Workshop |
| 39:32 | Don Gordas · first_building Monastery |
| 40:26 | Don Gordas · first_building Stable |
| 42:47 | 阵 · first_building Monastery |
| 42:54 | 阵 · age_up imperial |
| 43:02 | Don Gordas · resign |
[ AI ANALYSIS · 1 CREDIT ]
What really happened in this match?
Wolo.gg analyzes every decision: build order, eco, micro, common mistakes by bracket. Personalized analysis on WhatsApp or Discord in 30 seconds.
Civ guide
Vietnamese
Map guide
Kilimanjaro
Perfil
Jugador #3387813